 Dungeon Crawl Stone Soup version 0.30-a0-1043-g60ff8d5f49 (webtiles) character file.

Game seed: 3164176495382113581

74 Esekla the Sneak (level 4, 31/31 HPs)
             Began as an Octopode Delver on Apr 9, 2023.
             Quit the game on level 5 of the Dungeon.
             The game lasted 00:04:13 (410 turns).

Esekla the Sneak (Octopode Delver)                   Turns: 410, Time: 00:04:14

Health: 31/31      AC:  1    Str: 11    XL:     4   Next: 28%
Magic:  5/5        EV: 13    Int: 14    God:
Gold:   14         SH:  0    Dex: 13    Spells: 5/5 levels left

rFire   . . .      SeeInvis .    a - +0 falchion
rCold   . . .      Faith    .    (no shield)
rNeg    . . .      Spirit   .    (helmet restricted)
rPois   .          Reflect  .    (no amulet)
rElec   .          Rampage  .    (no ring)
rCorr   .                        (no ring)
Will    .....                    (no ring)
Stlth   +++++                    (no ring)
HPRegen 0.25/turn                (no ring)
MPRegen 0.09/turn                (no ring)
                                 (no ring)
                                 (no ring)

@: hasted, very quick
A: almost no armour, amphibious, 8 rings, camouflage 1, gelatinous body 1,
(nimble swimmer 1), tentacles
a: no special abilities


You were on level 5 of the Dungeon.
You visited 1 branch of the dungeon, and saw 1 of its levels.

You collected 14 gold pieces.

Inventory:

Hand Weapons
 a - a +0 falchion (weapon)
 g - a +0 dagger
 r - a +0 trident
Jewellery
 d - a ring of see invisible
Wands
 f - a wand of digging (2)
Scrolls
 b - a scroll of fog
Potions
 c - a potion of invisibility {unknown}
 e - a potion of degeneration {unknown}


   Skills:
 * Level 3.4 Fighting
 * Level 2.5 Long Blades
 * Level 2.4 Dodging
 + Level 7.5 Stealth
 * Level 1.0 Spellcasting


You had 5 spell levels left.
You didn't know any spells.
Your spell library contained the following spells:

 Spells                   Type           Power      Damage    Failure   Level
 Gell's Gravitas          Tloc           0%         N/A       61%         3
 Teleport Other           Tloc           0%         N/A       61%         3
 Dispersal                Tloc           0%         N/A       100%        6


Dungeon Overview and Level Annotations

Branches:
Dungeon (5/15)
 Temple: D:4-7

Altars:
Ru
Trog
Vehumet
Wu Jian
Zin

Shops:
D:5 (


Innate Abilities, Weirdness & Mutations

You cannot wear most types of armour.
You are amphibious.
You can wear up to eight rings at the same time.
Your skin changes colour to match your surroundings (Stealth+).
Your rubbery body absorbs attacks. (AC +1, EV +1)
((You are camouflaged when in or above water. (Stealth+)))
You have tentacles for arms and can constrict up to eight enemies at once.


Message History

g - a +0 dagger (weapon)
The orc shouts!
a - a +0 falchion (weapon)
The orc hits you with a +0 mace.
You barely miss the orc. You grab the orc. You constrict the orc.
The orc barely misses you.
You barely miss the orc.
The orc is lightly wounded.
You constrict the orc. The orc closely misses you.
You hit the orc.
You kill the orc!
You slash the worm! You grab the worm.
The worm is moderately wounded.
You constrict the worm. The worm misses you.
You hit the worm. You squeeze the worm.
You kill the worm!
Found a stone staircase leading up.
Things that are here:
a +0 mace; an orc corpse
Things that are here:
a +0 mace; an orc corpse You start resting.
HP restored.
Found a leather armour.
An iguana comes into view.
The iguana hisses angrily.
Found a scroll labelled TYNYNU ZEPS and a notched marble ring.
Found a bloodstained altar of Trog.
The iguana hisses menacingly.
A phantom comes into view.
You see here a ring of see invisible.
d - a ring of see invisible
Found a leather armour.
You feel yourself speed up.
Found a murky pink potion.
You see here a murky pink potion.
e - a murky pink potion Are you sure you want to abandon this character and quit the game? (Confirm with "yes".)
Okay, then.
Are you sure you want to abandon this character and quit the game? (Confirm with "yes".)

#....#.# *,****,* #.#.##.#
*******,*,,,,* ##......#
*,,,,,*,*,**,* #.[.....#
*,,,,,*,*,**,* #.##.##.#
*,,,,,*,,,,,,* #.##W##.#
*,,,,,***,,,** #l##.##.# *,,,,,*
***,* #.##.##.#****,*** *,*
##.##.##@#*,,,,,,** *,*
#........#*,,,,,,,* *,*
##......###*,,*^*,,****,**
**######?...#...#**,*,,,,,,,**,*,
,*#.......###...#*,***,,,,,,**,*,
,*#.####...##.....,,*,,,,,,,,,,*,
,*#.###...##......,,,,,,,,,,****,
.##.##......._.###.,,,,,,,,,* #,
..........##...#*..#**,****** #.


There were no monsters in sight!

Vanquished Creatures
  A hound (D:5)
  An orc wizard (D:5)
  An adder (D:5)
  A worm (D:5)
  3 orcs (D:5)
  A quokka (D:5)
8 creatures vanquished.

Notes
Turn   | Place    | Note
-------+----------+-------------------------------------------
     0 | D:5      | Esekla the Octopode Delver began the quest for the Orb.
     0 | D:5      | Reached XP level 1. HP: 16/16 MP: 1/1
    17 | D:5      | Found Qiveo's Weapon Emporium.
    25 | D:5      | Found a glowing silver altar of Zin.
    34 | D:5      | Noticed a hound
    36 | D:5      | Noticed an orc wizard
    36 | D:5      | Noticed an ogre
    41 | D:5      | Killed a hound
    42 | D:5      | Reached skill level 7 in Stealth
    42 | D:5      | Reached XP level 2. HP: 21/21 MP: 2/2
    42 | D:5      | Reached XP level 3. HP: 26/26 MP: 3/3
   214 | D:5      | Reached XP level 4. HP: 17/31 MP: 3/5
   245 | D:5      | Reached skill level 1 in Spellcasting
   294 | D:5      | Found a radiant altar of Vehumet.
   306 | D:5      | Found an ornate altar of the Wu Jian Council.
   307 | D:5      | Found a sacrificial altar of Ru.
   384 | D:5      | Found a bloodstained altar of Trog.
   387 | D:5      | Noticed a phantom
   410 | D:5      | Quit the game

Illustrated notes

Levels and vault maps discovered:
D:5:      layout_loops_cross, trog_three_pillars_becter, zin_academy,
          gammafunk_temple_overflow_forgotten, serial_shops, shop

Skill      XL: |  1  2  3  4 |
---------------+-------------+-----
Stealth        | 7 |  7.5
Spellcasting   | 1 |  1.0
Fighting       | |  3.4
Long Blades    | |  2.5
Dodging        | |  2.4

Action                     |  1- 3 |  4- 6 || total
---------------------------+-------+-------++-------
  Melee: Falchion          |    15 |     8 ||    23
         Tentacles         |     4 |     1 ||     5
         Constrict         |     4 |     2 ||     6
         Dagger            |       |     1 ||     1
  Evoke: Wand              |       |     1 ||     1
    Use: Scroll            |     1 |     1 ||     2
         Potion            |       |     1 ||     1
   Stab: Sleeping          |       |     1 ||     1
  Dodge: Dodged            |    12 |     7 ||    19

Table legend: (Time is in decaauts)
 A = Elapsed time spent in this place.
 B = Non-inter-level travel time spent in this place.
 C = Inter-level travel time spent in this place.
 D = Time resting spent in this place.
 E = Time spent auto-exploring this place.
 F = Levels seen in this place.
 G = Mean time per level.
                   A        B        C        D        E       F      G
               +--------+--------+--------+--------+--------+-----+--------+
         Total |    406 |    406 |      0 |    137 |      0 |   1 |  406.0 |
       Dungeon |    406 |    406 |      0 |    137 |      0 |   1 |  406.0 |
               +--------+--------+--------+--------+--------+-----+--------+

Top non-repeatable levels by time:
     D:5: 406 daAuts
